Map: Dusk Towers

Players

Pokebunny

  • Race: Terran Terran
  • League: Grandmaster

KoMA - Winner!

  • Race: Terran Terran
  • League: Grandmaster

VOD

Have the link to the VOD?

Description

Time

  • Played on: April 7, 2016, 2:07 p.m.
  • Length: 3:49
Show
View Real Time Build Order
Export as new Build Order

Pokebunny Terran 

Build Orders: Reaper Expand 

Get SALT Encoding   

  12  0:01  SCV  
  13  0:13  SCV  
  14  0:18  Supply Depot  
  14  0:26  SCV  
  15  0:40  Barracks, SCV  
  16  0:45  Refinery  
  16  0:52  SCV  
  17  1:04  SCV  
  18  1:16  SCV  
  19  1:28  Orbital Command  
  19  1:30  Reaper  
  20  1:39  Command Center  
  20  1:48  Supply Depot  
  21  1:54  SCV  
  21  2:01  Marine  
  21  2:06  SCV  
  21  2:07  Factory  
  23  2:12  Refinery  
  23  2:18  SCV  
  23  2:19  Marine  
  25  2:32  SCV  
  26  2:37  Marine  
  27  2:44  SCV  
  28  2:52  Hellion, Starport, Orbital Command  
  28  2:57  SCV  
  32  2:58  Refinery  
  32  3:02  Barracks Tech Lab  
  31  3:09  SCV  
  31  3:12  Widow Mine  
  32  3:19  SCV  
  32  3:27  Marine  
Show
View Real Time Build Order
Export as new Build Order

KoMA Terran - Winner!

Build Orders:  

Get SALT Encoding   

  12  0:01  SCV  
  13  0:13  SCV  
  14  0:17  Supply Depot  
  14  0:25  SCV  
  15  0:39  SCV  
  15  0:40  Barracks  
  16  0:44  Refinery  
  16  0:51  SCV  
  17  1:01  Barracks  
  17  1:03  SCV  
  18  1:15  SCV  
  19  1:20  Barracks  
  19  1:28  Refinery  
  19  1:30  Reaper  
  20  1:39  Supply Depot  
  20  1:47  Reaper  
  21  1:57  Orbital Command  
  21  2:03  Reaper  
  22  2:08  Reaper  
  23  2:20  Reaper, Supply Depot  
  24  2:24  SCV  
  25  2:35  Reaper  
  25  2:36  SCV  
  27  2:40  Reaper  
  28  2:48  SCV  
  29  2:52  Reaper  
  30  3:00  SCV  
  31  3:05  Supply Depot  
  31  3:07  Reaper  
  31  3:12  Reaper, SCV  
  34  3:24  SCV  
  35  3:36  SCV  
Tags
 
Add a new tag
Caveats
  • Supply blocks, unpowered buildings, or Contaminate may cause inaccurate times.
  • Supply counts are checked every 10 seconds.